Map: Data-C

Players

RiSkyZ (RiSky)

  • Race: Zerg Zerg
  • Spawn Location: 9:00

ShoWTimE - Winner!

  • Race: Protoss Protoss
  • Spawn Location: 3:00

Event: HomeStory Cup XXII

VOD

Have the link to the VOD?

Description

Time

  • Played on: Dec. 15, 2022, 8:10 a.m.
  • Length: 10:04

All games in this series

Show
View Real Time Build Order
Export as new Build Order

RiSkyZ Zerg 

Build Orders: Hatch First 

Get SALT Encoding   

  12  0:00  Drone  
  13  0:11  Overlord  
  13  0:16  Drone  
  14  0:30  Drone x2  
  16  0:48  Hatchery  
  15  0:51  Drone  
  15  0:55  Drone  
  17  0:58  Drone  
  18  1:09  Extractor  
  17  1:14  Spawning Pool  
  17  1:17  Drone  
  17  1:20  Drone  
  18  1:27  Drone  
  19  1:39  Drone  
  20  1:49  Overlord  
  20  2:01  Zergling x4  
  20  2:02  Queen x2  
  26  2:10  Metabolic Boost  
  26  2:13  Drone  
  26  2:15  Drone  
  28  2:21  Drone  
  28  2:22  Drone  
  30  2:32  Drone  
  30  2:33  Drone  
  32  2:43  Hatchery  
  31  2:46  Drone  
  32  2:51  Queen  
  32  2:54  Zergling x2  
  35  3:03  Overlord  
  34  3:11  Zergling x2  
  35  3:16  Overlord  
  35  3:22  Drone  
  35  3:23  Drone x3  
  35  3:25  Queen  
  41  3:34  Overlord  
  41  3:35  Drone  
  41  3:36  Drone  
  41  3:39  Queen  
  41  3:41  Overlord  
  45  3:46  Drone  
  43  3:56  Drone  
  43  3:57  Drone  
  43  3:58  Drone x4  
  43  4:00  Drone x2  
  50  4:04  Drone  
  50  4:07  Drone x2  
  50  4:08  Drone  
  54  4:15  Evolution Chamber  
  53  4:18  Drone x2  
  53  4:20  Spore Crawler  
  53  4:23  Spore Crawler, Drone  
  53  4:28  Drone  
  53  4:32  Queen, Drone x2  
  53  4:34  Spore Crawler  
  53  4:36  Drone  
  53  4:37  Zergling x4  
  59  4:39  Zergling x2  
  59  4:41  Zergling x2  
  59  4:43  Zerg Melee Weapons Level 1  
  59  4:45  Zergling x2  
  62  4:48  Zergling x2  
  62  4:49  Zergling x2  
  62  4:50  Zergling x4  
  66  4:54  Evolution Chamber  
  64  5:02  Overlord  
  65  5:10  Drone x7  
  65  5:11  Drone  
  73  5:14  Drone x2  
  73  5:18  Lair  
  74  5:23  Drone x2  
  74  5:24  Drone x2  
  74  5:28  Drone  
  78  5:29  Drone  
  78  5:33  Baneling Nest  
  78  5:45  Hatchery  
  78  5:47  Drone  
  78  5:49  Drone  
  79  5:50  Drone x2, Hatchery  
  79  5:55  Drone x2  
  82  5:57  Extractor  
  82  5:58  Extractor  
  82  6:00  Overlord  
  82  6:02  Queen  
  82  6:04  Extractor  
  82  6:05  Overlord  
  82  6:07  Overlord  
  82  6:11  Overlord  
  81  6:14  Overlord  
  81  6:17  Queen, Overlord  
  84  6:18  Drone  
  84  6:20  Drone x2  
  84  6:21  Centrifugal Hooks  
  84  6:23  Drone x2  
  84  6:24  Drone  
  84  6:25  Drone  
  90  6:27  Zergling x6  
  90  6:29  Zergling x2  
  90  6:31  Zergling x2  
  95  6:34  Zergling x2  
  95  6:37  Zergling x6  
  97  6:40  Zergling x2  
  98  6:49  Zergling x14  
  105  6:57  Zergling x2  
  105  6:58  Zergling x6  
  101  7:04  Zergling x6  
  97  7:11  Zerg Melee Weapons Level 2, Queen  
  97  7:13  Zergling x8  
  97  7:14  Hydralisk Den  
  102  7:19  Drone x6  
  102  7:21  Drone  
  109  7:25  Drone x3  
  109  7:28  Spore Crawler, Drone x2  
  109  7:29  Drone  
  112  7:34  Drone x2  
  114  7:39  Spore Crawler  
  114  7:40  Drone  
  114  7:42  Drone x3  
  117  7:46  Hydralisk x2, Drone x5  
  117  7:47  Hydralisk x2  
  117  7:50  Hatchery  
  117  7:51  Grooved Spines  
  129  7:52  Hydralisk  
  131  7:58  Hydralisk  
  131  8:01  Overlord x3  
  131  8:02  Infestation Pit  
  131  8:05  Extractor  
  131  8:06  Extractor  
  131  8:10  Overlord x2  
  130  8:13  Drone x3  
  130  8:14  Extractor x2  
  130  8:15  Drone  
  132  8:22  Drone  
  132  8:23  Drone  
  134  8:29  Drone  
  134  8:30  Drone x2  
  136  8:35  Zergling x2  
  136  8:36  Zergling x28  
  151  8:42  Spore Crawler, Zergling x16  
  155  8:58  Zergling x14  
  155  9:00  Baneling x10  
  158  9:06  Hydralisk x2  
  158  9:07  Hydralisk x6  
  169  9:12  Hydralisk x5  
  169  9:16  Hydralisk  
  169  9:17  Hydralisk x2  
  155  9:18  Hydralisk  
  155  9:22  Zergling x8  
  145  9:24  Zergling x6  
  145  9:30  Zergling x14  
  140  9:39  Zergling x14  
Show
View Real Time Build Order
Export as new Build Order

ShoWTimE Protoss - Winner!

Build Orders: 1 Gate Expand, Oracle Opening 

Get SALT Encoding   

  12  0:00  Probe  
  13  0:12  Probe  
  14  0:19  Pylon  
  14  0:24  Probe  
  15  0:37  Probe (Chrono Boost)  
  15  0:40  Gateway  
  16  0:47  Probe (Chrono Boost)  
  16  0:49  Assimilator  
  17  0:52  Probe (Chrono Boost)  
  18  1:04  Probe  
  19  1:16  Probe  
  20  1:26  Nexus  
  20  1:37  Cybernetics Core  
  20  1:39  Probe  
  21  1:46  Assimilator  
  21  1:51  Probe  
  22  1:54  Pylon  
  22  2:04  Probe  
  23  2:10  Adept (Chrono Boost)  
  25  2:16  Probe  
  25  2:21  Stargate  
  26  2:28  Probe (Chrono Boost)  
  27  2:33  Adept  
  27  2:35  Warp Gate  
  29  2:38  Probe (Chrono Boost)  
  31  2:46  Probe (Chrono Boost)  
  31  2:47  Probe (Chrono Boost)  
  32  2:52  Probe x2 (Chrono Boost)  
  34  3:03  Adept  
  34  3:04  Probe x2  
  34  3:05  Oracle (Chrono Boost)  
  41  3:15  Pylon  
  41  3:16  Probe x2  
  43  3:24  Gateway  
  43  3:28  Probe  
  43  3:29  Probe  
  43  3:32  Oracle (Chrono Boost)  
  45  3:40  Probe  
  45  3:41  Probe  
  50  3:47  Pylon  
  50  3:52  Probe  
  50  3:53  Probe  
  52  3:58  Nexus  
  52  4:03  Oracle (Chrono Boost)  
  52  4:05  Probe x2  
  57  4:10  Pylon  
  57  4:16  Assimilator  
  58  4:17  Probe x2  
  58  4:19  Assimilator  
  59  4:29  Probe x2  
  61  4:31  Adept x2  
  61  4:34  Pylon  
  65  4:41  Forge, Probe x2  
  67  4:53  Robotics Facility, Probe x2  
  67  4:56  Sentry  
  67  4:57  Sentry  
  73  5:03  Pylon  
  73  5:05  Probe x2  
  75  5:11  Probe (Chrono Boost)  
  74  5:14  Protoss Ground Weapons Level 1, Shield Battery  
  74  5:16  Pylon  
  74  5:18  Probe (Chrono Boost)  
  74  5:21  Probe (Chrono Boost)  
  76  5:23  Gateway, Probe (Chrono Boost)  
  78  5:29  Probe (Chrono Boost)  
  78  5:31  Sentry, Probe (Chrono Boost)  
  78  5:32  Zealot, Pylon  
  78  5:33  Probe (Chrono Boost)  
  78  5:34  Probe (Chrono Boost)  
  85  5:37  Probe  
  85  5:39  Immortal (Chrono Boost)  
  85  5:41  Probe  
  91  5:44  Probe  
  91  5:48  Assimilator  
  91  5:49  Assimilator  
  93  5:50  Probe  
  93  5:51  Robotics Bay  
  93  5:54  Probe  
  94  5:57  Stalker  
  94  5:58  Zealot  
  94  6:02  Probe, Photon Cannon  
  99  6:08  Twilight Council  
  99  6:09  Observer (Chrono Boost), Probe x2  
  102  6:14  Probe  
  103  6:18  Zealot  
  103  6:19  Zealot  
  103  6:20  Zealot  
  103  6:22  Warp Prism (Chrono Boost)  
  109  6:30  Pylon  
  109  6:31  Pylon  
  111  6:39  Stalker x2  
  114  6:42  Zealot  
  116  6:48  Disruptor (Chrono Boost)  
  113  7:02  Probe  
  113  7:03  Probe  
  113  7:04  Nexus  
  113  7:07  Charge (Chrono Boost)  
  109  7:13  Gateway  
  109  7:15  Protoss Ground Weapons Level 2 (Chrono Boost)  
  109  7:16  Disruptor (Chrono Boost), Dark Shrine, Gateway  
  109  7:19  Gateway, Probe x2  
  109  7:20  Probe, Gateway  
  115  7:23  Shield Battery  
  115  7:25  Photon Cannon  
  115  7:32  Gateway  
  115  7:33  Probe  
  115  7:34  Probe x2  
  118  7:44  Assimilator  
  118  7:46  Probe, Assimilator  
  118  7:47  Pylon  
  118  7:48  Pylon  
  118  7:49  Disruptor (Chrono Boost)  
  122  7:52  Zealot x3  
  122  7:53  Pylon  
  122  7:57  Photon Cannon  
  128  7:59  Probe x2  
  128  8:00  Probe  
  131  8:10  Gateway x2  
  131  8:11  Probe  
  132  8:15  Zealot x2  
  132  8:16  Zealot  
  132  8:18  Probe  
  139  8:20  Immortal (Chrono Boost)  
  143  8:33  Dark Templar x4  
  151  8:37  Archon  
  151  8:38  Archon  
  151  8:40  Photon Cannon  
  151  8:43  Dark Templar x2  
  155  8:48  Archon  
  155  8:49  Dark Templar x2  
  155  8:52  Archon  
  159  8:55  Probe  
  159  8:57  Colossus (Chrono Boost)  
  162  9:13  Zealot x6  
  158  9:17  Zealot x2  
  158  9:21  Probe  
  158  9:23  Zealot x2  
  151  9:30  Probe  
  146  9:32  Probe  
  146  9:37  Dark Templar x5  
  144  9:42  Nexus  
  144  9:43  Archon x2  
  144  9:44  Dark Templar x2  
  144  9:49  Zealot x2, Archon, Dark Templar  
Tags
 
Add a new tag
Caveats
  • Supply blocks, unpowered buildings, or Contaminate may cause inaccurate times.
  • Supply counts are checked every 10 seconds.